 Dungeon Crawl Stone Soup version 0.29-a0-321-gf1c400731a (webtiles) character file.

Game seed: 6260759446389017956

7588 sammy202020 the Fighter (level 10, -5/83 HPs)
             Began as a Demonspawn Berserker on Apr 4, 2022.
             Was a High Priest of Trog.
             Slain by a large abomination (33 damage)
             ... on level 1 of the Abyss.
             The game lasted 00:19:53 (8904 turns).

sammy202020 the Fighter (Demonspawn Berserker)      Turns: 8904, Time: 00:19:55

Health: -5/83      AC: 15    Str: 28    XL:     10   Next: 97%
Magic:  3/3        EV: 11    Int: 10    God:    Trog [*****.]
Gold:   165        SH:  0    Dex: 12    Spells: 9/9 levels left

rFire   . . .      SeeInvis .   N - +2 war axe (antimagic)
rCold   + + .      Faith    +   (no shield)
rNeg    . . .      Spirit   .   I - +2 chain mail of Indomitability {Str+7}
rPois   +          Reflect  .   p - +0 hat of Dithmenos's Esteem {Rampage}
rElec   .          Harm     .   k - +1 cloak {rPois}
rCorr   .          Rampage  +   (no gloves)
Will    ++...                   z - +0 pair of boots
Stlth   ..........              v - amulet of faith
HPRegen 1.23/turn               e - ring of protection from cold
MPRegen 0.08/turn               H - ring of protection from cold

@: strong-willed, regenerating, studying Dodging
A: horns 1, powered by death 1, spiny 1, weakness stinger 1, demonic touch 2
a: Renounce Religion, Berserk, Trog's Hand, Brothers in Arms


You were on level 1 of the Abyss.
You worshipped Trog.
Trog was extremely pleased with you.
You visited 1 branch of the dungeon, and saw 9 of its levels.
You visited the Abyss 1 time.

You collected 563 gold pieces.
You spent 398 gold pieces at shops.

Inventory:

Hand Weapons
 E - the +4 long sword of the Bear {flame, rPois}
   (You found it on level 5 of the Dungeon)

   It burns those it strikes, dealing additional fire damage.
   Big, fiery blades are also staple armaments of hydra-hunters.
   rPois:     It protects you from poison.
 F - a +1 war axe
 N - a +2 antimagic war axe (weapon)
 P - a +0 flail
Missiles
 a - 4 curare-tipped darts
 m - 2 throwing nets (quivered)
 x - 6 boomerangs
 L - 5 javelins
 M - 49 poisoned darts
Armour
 f - a +2 pair of boots
 g - a +1 robe of willpower
 k - a +1 cloak of poison resistance (worn)
 n - a +0 plate armour
 p - the +0 hat of Dithmenos's Esteem (worn) {Rampage}
   (You found it on level 7 of the Dungeon)

   Rampage:   It bestows one free step when moving towards enemies.
 z - a +0 pair of boots (worn)
 I - the +2 chain mail of Indomitability (worn) {Str+7}
   (You bought it in a shop on level 5 of the Dungeon)

   Str:       It affects your strength (+7).
Jewellery
 e - a ring of protection from cold (left hand)
 t - a ring of magical power
 v - an amulet of faith (around neck)
 y - a ring of magical power
 H - a ring of protection from cold (right hand)
 K - a ring of magical power
Wands
 h - a wand of flame (13)
 s - a wand of paralysis (6)
Scrolls
 b - 4 scrolls of teleportation
 c - 2 scrolls of noise
 r - a scroll of amnesia
 w - 3 scrolls of enchant weapon
 O - a scroll of identify
Potions
 d - 2 potions of ambrosia
 i - 2 potions of cancellation {unknown}
 j - 2 potions of heal wounds {unknown}
 l - 2 potions of magic {unknown}
 o - 4 potions of might
 q - 4 potions of flight {unknown}
 u - 6 potions of curing
 A - a potion of attraction {unknown}
 B - 2 potions of lignification {unknown}
 C - a potion of brilliance {unknown}
 D - a potion of haste {unknown}
 G - 2 potions of resistance
 J - a potion of invisibility {unknown}


   Skills:
 * Level 9.2 Fighting
 * Level 8.3 Axes
 + Level 5.5 Armour
 + Level 7.1 Dodging
 * Level 7.7 Unarmed Combat


You had 9 spell levels left.
You didn't know any spells.
Your spell library was empty.

Dungeon Overview and Level Annotations

Branches:
Dungeon (9/15)             Temple (0/1) D:4
   Lair: D:8-11         Orc: D:9-12

Altars:
Elyvilon
Makhleb
Nemelex Xobeh
Qazlal
Ru
Trog
Uskayaw
Wu Jian
Xom
Zin
The Shining One

Shops:
D:5 [

Annotations:
D:9 Erolcha


Innate Abilities, Weirdness & Mutations

You have a pair of small horns on your head.
You regenerate a little health from kills.
You are partially covered in sharp spines.
You have a small tail.
Your touch may inflict irresistible damage on your foes.


Message History

You hear a hideous shriek!
A chaos spawn comes into view.
Your ogre rages.
You recover from your berserk rage.
You feel the effects of Trog's Hand fading.
Your ogre hits the chaos spawn with a +0 giant club!!!
The chaos spawn dies!
The chaos spawn degenerates into a cloud of primal chaos!
Your skin stops crawling.
You feel less strong-willed.
You swap places.
You start to feel less resistant.
A small abomination comes into view.
A large abomination comes into view.
The small abomination hits you but does no damage.
Your ogre hits the small abomination with a +0 giant club!!!
The small abomination is destroyed!
You rampage towards the large abomination!
Your ogre rages.
You barely miss the large abomination.
You touch the large abomination.
The large abomination is lightly damaged.
Your resistance to elements expires.
The large abomination hits you!!
You hit the large abomination.
The large abomination is lightly damaged.
Your ogre is no longer berserk.
The large abomination hits you but does no damage.
Your ogre hits the large abomination with a +0 giant club.
Unknown command.
Your skin crawls.
You feel strong-willed.
Your ogre disappears in a puff of smoke!
The large abomination hits you but does no damage.
You hit the large abomination.
You headbutt the large abomination, but do no damage.
The large abomination is moderately damaged.
The large abomination hits you!
You slash the large abomination!
The large abomination is heavily damaged.
The large abomination hits you!!
You die...

##.## .## .. #....#..#
.#.##.#
..#....##........ # .
....#..#..... .#..#
##....#.#...#.. ...# .
. #........#..#... ...
..#.......##.#. ...#.
.. #.....#X.........#
.. .
.......@..............
. .##..#............#
#.#..............#
##...........#' ##
#..............#
#....#..........#
#...#....###.... . .
#.#......# ...... .
#.##.......#.......


You could see a large abomination.

Vanquished Creatures
  A kobold demonologist (D:9)
  Prince Ribbit (D:9)
  A wraith (D:9)
  5 humans (D:8)
  10 yaks
  4 fire bats (D:7)
  2 hell hounds (D:7)
  An ice beast (D:6)
  2 orc warriors
  2 sky beasts
  An ogre (D:7)
  A centaur (D:9)
  2 phantoms (D:4)
  14 kobold brigands
  A gnoll sergeant (D:6)
  5 bullfrogs
  3 necrophages
  3 scorpions
  4 killer bees (D:7)
  6 howler monkeys
  2 jellies
  Crazy Yiuf (D:6)
  8 orc priests
  3 hounds
  A gnoll shaman (D:7)
  2 iguanas
  14 orc wizards
  Robin (D:2)
  16 gnolls
  10 adders
  A white imp (D:6)
  An ufetubus (D:4)
  2 worms
  A dart slug (D:5)
  32 orcs
  5 ball pythons
  8 endoplasms
  2 giant cockroaches
  15 goblins
  9 hobgoblins
  3 jackals (D:4)
  5 quokkas
  4 bats
  11 frilled lizards
  17 kobolds
  11 rats
254 creatures vanquished.

Vanquished Creatures (collateral kills)
  A chaos spawn (Abyss:1)
  A small abomination (Abyss:1)
2 creatures vanquished.

Grand Total: 256 creatures vanquished

Notes
Turn   | Place    | Note
-------+----------+-------------------------------------------
     0 | D:1      | sammy202020 the Demonspawn Berserker began the quest for
                  | the Orb.
     0 | D:1      | Reached XP level 1. HP: 18/18 MP: 1/1
   294 | D:1      | Discovered your monstrous ancestry.
   294 | D:1      | Gained mutation: Your touch may inflict minor irresistible
                  | damage on your foes. [demonic ancestry]
   294 | D:1      | Reached XP level 2. HP: 23/24 MP: 2/2
   987 | D:2      | Reached XP level 3. HP: 25/29 MP: 3/3
  1022 | D:2      | Reached ** piety under Trog
  1078 | D:2      | Reached skill level 1 in Unarmed Combat
  1354 | D:2      | Noticed Robin
  1363 | D:2      | Killed Robin
  1384 | D:2      | Gained mutation: You are partially covered in sharp spines.
                  | [demonic ancestry]
  1384 | D:2      | Reached XP level 4. HP: 32/37 MP: 4/4
  1660 | D:3      | Noticed a moth of wrath
  1664 | D:3      | Found a bloodstained altar of Trog.
  1841 | D:3      | Reached skill level 4 in Fighting
  1899 | D:3      | Gained mutation: Your touch may inflict irresistible damage
                  | on your foes. [demonic ancestry]
  1899 | D:3      | Reached XP level 5. HP: 19/42 MP: 5/5
  1903 | D:3      | Found a sacrificial altar of Ru.
  2156 | D:3      | Found a stormy altar of Qazlal.
  2839 | D:4      | Reached *** piety under Trog
  3032 | D:4      | Noticed a phantom
  3043 | D:4      | Killed a phantom
  3044 | D:4      | Reached XP level 6. HP: 42/49 MP: 6/6
  3579 | D:4      | Found a staircase to the Ecumenical Temple.
  4023 | D:5      | Entered Level 5 of the Dungeon
  4023 | D:5      | You fall into a shaft and drop 1 floor!
  4043 | D:6      | Noticed a sky beast
  4052 | D:6      | Killed a sky beast
  4053 | D:6      | Reached skill level 5 in Fighting
  4053 | D:6      | Gained mutation: You regenerate a little health from kills.
                  | [demonic ancestry]
  4053 | D:6      | Reached XP level 7. HP: 50/56 MP: 7/7
  4250 | D:6      | Identified the +5 rapier "Newtbane" {pain, Contam Int+4
                  | Dex+4}
  4382 | D:6      | Found a hide-covered altar of Uskayaw.
  4423 | D:6      | Found a burning altar of Makhleb.
  4426 | D:6      | Noticed a green death
  4429 | D:6      | Noticed an angel
  4808 | D:5      | Reached **** piety under Trog
  4809 | D:5      | Gained mutation: You have a small tail. [demonic ancestry]
  4809 | D:5      | Reached XP level 8. HP: 59/64 MP: 8/8
  4848 | D:5      | Reached skill level 5 in Axes
  4914 | D:5      | Identified the +4 long sword of the Bear {flame, rPois}
  5183 | D:5      | Found Lyag's Armour Boutique.
  5366 | D:6      | Reached skill level 6 in Fighting
  5392 | D:6      | Identified a scroll of acquirement
  5392 | D:6      | Acquired a manual of Dodging
  5588 | D:6      | Found an ornate altar of the Wu Jian Council.
  5723 | D:6      | Found a runed translucent door.
  5724 | D:6      | Noticed Crazy Yiuf
  6123 | D:6      | Killed Crazy Yiuf
  6370 | D:7      | Found a transporter.
  6412 | D:7      | Found a transporter.
  6489 | D:7      | Reached skill level 5 in Unarmed Combat
  6554 | D:7      | Gained mutation: You have a pair of small horns on your
                  | head. [demonic ancestry]
  6554 | D:7      | Reached XP level 9. HP: 56/71 MP: 9/9
  6588 | D:7      | Found a shimmering altar of Xom.
  6827 | D:5      | Bought the +2 chain mail of Indomitability {Str+7} for 398
                  | gold pieces
  6991 | D:7      | Identified the +0 hat of Dithmenos's Esteem {Rampage}
  6994 | D:7      | Reached skill level 7 in Fighting
  7001 | D:7      | Reached skill level 5 in Dodging
  7335 | D:8      | Found a sparkling altar of Nemelex Xobeh.
  7466 | D:8      | Reached skill level 8 in Fighting
  7786 | D:8      | Reached XP level 10. HP: 79/80 MP: 10/10
  7800 | D:8      | Reached ***** piety under Trog
  7806 | D:8      | Reached skill level 5 in Armour
  8538 | D:9      | Noticed a sun demon
  8555 | D:9      | Reached skill level 9 in Fighting
  8600 | D:9      | Noticed Prince Ribbit
  8613 | D:9      | Killed Prince Ribbit
  8823 | D:9      | Received a gift from Trog
  8838 | D:9      | Noticed Erolcha
  8858 | D:9      | Cast into level 1 of the Abyss (Erolcha)
  8895 | Abyss:1  | Noticed a large abomination
  8904 | Abyss:1  | Slain by a large abomination

Illustrated notes

Levels and vault maps discovered:
D:1:      dpeg_arrival_tiny_a, layout_rooms
D:2:      layout_rooms, minmay_misc_feat_hallway, uniq_robin
D:3:      layout_rooms, amcnicky_altar_gilded, tgw_trog,
          gammafunk_temple_overflow_pools, grunt_ministairs_3
D:4:      layout_basic, minmay_temple_entry_nine_rooms
D:5:      layout_loops_ring, serial_shops, shop
D:6:      layout_basic, grunt_temple_overflow_order_and_chaos_2,
          mainiacjoe_overflow_catwalk, general_overflow_altar,
          uniq_crazy_yiuf_cottage
D:7:      gammafunk_cloud_chamber, layout_rooms,
          mainiacjoe_overflow_small_starburst
D:8:      layout_cave_pods, nemelex_spade_bored_becter, minmay_ruffians
D:9:      layout_basic, tso_oasis_becter, enter_bailey_6, special_room
          [special_room_kobold], uniq_erolcha, uniq_prince_ribbit1
Abyss:1:  base:
D:8

Skill      XL: |  1  2  3  4  5  6  7  8  9 10 |
---------------+-------------------------------+-----
Armour         | 2 3 4 5 |  5.5
Axes           | 3 4 6 7 8 |  8.3
Dodging        | 2 3 4 5 7 |  7.1
Unarmed Combat | 1 2 3 5 6 7 |  7.7
Fighting       | 4 5 6 8 9 |  9.2

Action                   |  1- 3 |  4- 6 |  7- 9 | 10-12 || total
-------------------------+-------+-------+-------+-------++-------
Melee: Hand axe          |   107 |   120 |    97 |       ||   324
       Touch             |    16 |    23 |    43 |    27 ||   109
       Punch             |       |     1 |     5 |     5 ||    11
       War axe           |       |       |   107 |   114 ||   221
       Tailslap          |       |       |    19 |    14 ||    33
       Headbutt          |       |       |    11 |    16 ||    27
Invok: Trog's Hand       |       |       |     1 |     4 ||     5
       Berserk           |       |       |     1 |     2 ||     3
       Brothers in Arms  |       |       |       |     1 ||     1
  Use: Scroll            |       |       |    10 |     1 ||    11
       Potion            |       |       |     1 |     1 ||     2
 Stab: Sleeping          |       |     1 |       |       ||     1
Armor: Animal skin       |     7 |       |       |       ||     7
       Robe              |    31 |    28 |       |       ||    59
       Scale mail        |       |     3 |    49 |       ||    52
       Plate armour      |       |       |    33 |       ||    33
       Chain mail        |       |       |    81 |    87 ||   168
Dodge: Dodged            |    70 |    62 |   108 |    99 ||   339

Table legend: (Time is in decaauts)
 A = Elapsed time spent in this place.
 B = Non-inter-level travel time spent in this place.
 C = Inter-level travel time spent in this place.
 D = Time resting spent in this place.
 E = Time spent auto-exploring this place.
 F = Levels seen in this place.
 G = Mean time per level.
                   A        B        C        D        E       F      G
               +--------+--------+--------+--------+--------+-----+--------+
         Total |   8997 |   8525 |    472 |    564 |   5631 |  10 |  899.7 |
       Dungeon |   8946 |   8474 |    472 |    564 |   5631 |   9 |  994.0 |
         Abyss |     50 |     50 |      0 |      0 |      0 |   1 |   50.0 |
               +--------+--------+--------+--------+--------+-----+--------+

Top non-repeatable levels by time:
     D:6: 1539 daAuts
     D:8: 1405 daAuts
     D:3: 1324 daAuts
     D:4: 1200 daAuts
     D:5: 929 daAuts
     D:1: 839 daAuts
     D:2: 687 daAuts
     D:7: 555 daAuts
     D:9: 465 daAuts
 Abyss:1: 50 daAuts
